 Dungeon Crawl Stone Soup version 0.29-a0-919-gd064cfad1c (webtiles) character file.

Game seed: 4722563316696815897

115 wingedge the Grasshopper (level 5, -5/69 HPs)
             Began as a Meteoran Warper on July 26, 2022.
             Slain by a gnoll
             ... wielding a +0 club
              (7 damage)
             ... on level 3 of the Dungeon.
             The game lasted 00:13:56 (1326 turns).

wingedge the Grasshopper (Meteoran Warper)          Turns: 1326, Time: 00:13:56

Health: -5/69      AC:  5    Str: 14    XL:     5   Next: 44%
Magic:  10/10      EV: 11    Int: 14    God:
Gold:   100        SH:  0    Dex: 14    Spells: 6/10 levels left

rFire   . . .      SeeInvis .   a - +0 hand axe
rCold   . . .      Faith    .   (no shield)
rNeg    . . .      Spirit   .   e - +0 ring mail
rPois   .          Reflect  .   (no helmet)
rElec   .          Harm     .   (no cloak)
rCorr   .          Rampage  .   (no gloves)
Will    .....                   (no boots)
Stlth   ..........              (no amulet)
HPRegen 0.21/turn               p - ring of wizardry
MPRegen 0.12/turn               (no ring)

@: berserking, glowing, very quick
A: sense surroundings 1, otherworldly, glowing, explore regen
a: no special abilities


You were on level 3 of the Dungeon.
You visited 1 branch of the dungeon, and saw 3 of its levels.

You collected 100 gold pieces.

Inventory:

Hand Weapons
 a - a +0 hand axe (weapon)
 f - a +0 dagger
 o - a +0 short sword
Missiles
 d - 4 boomerangs of dispersal
 r - 4 boomerangs (quivered)
Armour
 b - a +0 leather armour
 e - a +0 ring mail (worn)
 t - a +0 chain mail
Jewellery
 p - a ring of wizardry (left hand)
Scrolls
 c - a scroll of blinking
 l - a scroll of identify {unknown}
 m - 2 scrolls of amnesia {unknown}
 n - a scroll of enchant armour {unknown}
 q - 2 scrolls of teleportation {unknown}
 s - a scroll of magic mapping {unknown}
 u - a scroll of brand weapon {unknown}
 x - 2 scrolls of noise {unknown}
Potions
 g - a potion of degeneration {unknown}
 h - a potion of curing
 j - a potion of brilliance {unknown}
 k - a potion of attraction {unknown}
 v - a potion of might {unknown}


   Skills:
 * Level 3.7 Fighting
 * Level 3.3 Axes
 * Level 2.0 Throwing
 + Level 1.5 Armour
 - Level 3.0 Dodging
 - Level 3.0 Spellcasting
 - Level 4.0 Translocations
 + Level 1.2 Transmutations


You had 6 spell levels left.
You knew the following spells:

 Your Spells              Type           Power      Damage    Failure   Level
a - Blink                 Tloc           26%        N/A       5%          2
b - Wereblood             Tmut           5%         N/A       16%         2

Your spell library contained the following spells:

 Spells                   Type           Power      Damage    Failure   Level
 Gell's Gravitas          Tloc           13%        N/A       11%         3
 Lesser Beckoning         Tloc           13%        N/A       11%         3
 Teleport Other           Tloc           13%        N/A       11%         3
 Sublimation of Blood     Necr           2%         N/A       26%         2
 Manifold Assault         Tloc           13%        N/A       65%         5
 Summon Hydra             Summ           1%         N/A       100%        7


Dungeon Overview and Level Annotations

Branches:
Dungeon (3/15) Zot: 442

Altars:


Innate Abilities, Weirdness & Mutations

You passively map a small area around you.
You are easily found by Zot.
You glow in the dark.
You regain HP and MP as you explore.


Message History

The gnoll barely misses you.
The gnoll throws a throwing net.
The throwing net hits you.
You become entangled in the net!
You see here a throwing net.
You tear a large gash into the net.
You struggle against the net.
The gnoll barely misses you.
You rip the net and break free!
The gnoll hits you with a +0 flail!
You closely miss the gnoll.
The gnoll is severely wounded.
The gnoll hits you with a +0 flail.
* * * LOW HITPOINT WARNING * * *
You don't have any such object.
Fire/throw which item? ([*] to toggle full inventory view, [\] to toss any item) (? for menu, Esc to quit)
Okay, then.
It was a potion of berserk rage.
A red film seems to cover your vision as you go berserk!
You feel yourself moving faster!
You feel mighty! The gnoll hits you with a +0 flail!
* * * LOW HITPOINT WARNING * * *
You hit the gnoll.
You kill the gnoll!
You slash the gnoll!
The gnoll is almost dead.
The gnoll barely misses you.
You slash the gnoll!
You kill the gnoll!
Your Throwing skill increases to level 2!
You slash the gnoll!
The gnoll is heavily wounded.
The gnoll drinks a potion.
The gnoll is healed!
You hit the gnoll.
The gnoll is heavily wounded.
You hit the gnoll.
The gnoll is severely wounded.
The gnoll hits you with a +0 club.
* * * LOW HITPOINT WARNING * * *
You barely miss the gnoll.
The gnoll is severely wounded.
The gnoll hits you with a +0 club!
You die...

#. #. #. #.####
#..... ######
###########
#(.g@.....# *
#.#######.###########
#.......#
#.)).........
#.......#
#############
#.......# * ** * ***
#(....g... ,, *,
#.......### * ,
#.......# * #.......#


You could see a gnoll.

Vanquished Creatures
  3 adders
  3 gnolls
  A worm (D:2)
  2 dart slugs (D:2)
  6 orcs
  3 endoplasms
  2 giant cockroaches (D:2)
  7 goblins
  2 hobgoblins
  6 jackals
  2 ball pythons (D:2)
  4 bats
  4 kobolds
  3 rats (D:2)
48 creatures vanquished.

Notes
Turn   | Place    | Note
-------+----------+-------------------------------------------
     0 | D:1      | wingedge the Meteoran Warper began the quest for the Orb.
     0 | D:1      | Reached XP level 1. HP: 17/17 MP: 5/5
    38 | D:1      | You fall into a shaft and drop 1 floor!
    80 | D:1      | Reached XP level 2. HP: 12/25 MP: 6/6
   458 | D:2      | Reached XP level 3. HP: 30/30 MP: 8/8
   579 | D:2      | Learned a level 2 spell: Blink
   650 | D:2      | Reached XP level 4. HP: 28/38 MP: 9/9
   678 | D:2      | Reached skill level 4 in Translocations
  1089 | D:2      | Reached skill level 1 in Transmutations
  1093 | D:2      | Learned a level 2 spell: Wereblood
  1161 | D:3      | Reached XP level 5. HP: 17/45 MP: 10/10
  1325 | D:3      | HP: 2/69 [gnoll/+0 club (4)]
  1326 | D:3      | Slain by a gnoll

Illustrated notes

Levels and vault maps discovered:
D:1:      elethiomel_arrival_maze, layout_loops_ring, hangedman_decor_opposing
D:2:      wad_pebble_path, layout_loops_ring, kennysheep_generic_room_14
D:3:      layout_loops_ring, uniq_grinder

Skill      XL: |  1  2  3  4  5 |
---------------+----------------+-----
Axes           | 3 |  3.3
Spellcasting   | 3 |  3.0
Fighting       | 3 |  3.7
Translocations | 4 |  4.0
Dodging        | 3 |  3.0
Transmutations | 1 |  1.2
Throwing       | 2 |  2.0
Armour         | |  1.5

Action                   |  1- 3 |  4- 6 || total
-------------------------+-------+-------++-------
Melee: Hand axe          |    94 |    94 ||   188
       Punch             |     1 |     1 ||     2
Throw: Boomerang         |     3 |     7 ||    10
       Javelin           |       |     3 ||     3
  Use: Potion            |       |     1 ||     1
Armor: Ring mail         |    52 |    32 ||    84
Dodge: Dodged            |    46 |    50 ||    96

Table legend: (Time is in decaauts)
 A = Elapsed time spent in this place.
 B = Non-inter-level travel time spent in this place.
 C = Inter-level travel time spent in this place.
 D = Time resting spent in this place.
 E = Time spent auto-exploring this place.
 F = Levels seen in this place.
 G = Mean time per level.
                   A        B        C        D        E       F      G
               +--------+--------+--------+--------+--------+-----+--------+
         Total |   1357 |   1222 |    135 |      0 |      0 |   3 |  452.3 |
       Dungeon |   1357 |   1222 |    135 |      0 |      0 |   3 |  452.3 |
               +--------+--------+--------+--------+--------+-----+--------+

Top non-repeatable levels by time:
     D:2: 704 daAuts
     D:1: 439 daAuts
     D:3: 213 daAuts
